 Dungeon Crawl Stone Soup version 0.31-a0-210-gccc998df9b (webtiles) character file.

Game seed: 3696800396933949745

4364 qw the Skirmisher (level 10, -2/88 HPs)
             Began as a Minotaur Hexslinger on June 29, 2023.
             Was a Believer of Okawaru.
             Killed from afar by an electric eel (8 damage)
             ... with a bolt of electricity
             ... on level 8 of the Dungeon.
             The game lasted 00:02:29 (6357 turns).

qw the Skirmisher (Minotaur Hexslinger)             Turns: 6357, Time: 00:02:30

Health: -2/88      AC: 10    Str: 13    XL:     10   Next: 12%
Magic:  10/12      EV: 23    Int: 10    God:    Okawaru [**....]
Gold:   156        SH:  0    Dex: 23    Spells: 10/11 levels left

rFire   . . .        o - +0 arbalest (heavy)
rCold   . . .        (shield currently unavailable)
rNeg    . . .        q - +1 ring mail {rPois}
rPois   +            (helmet restricted)
rElec   .            (no cloak)
rCorr   .            c - +0 pair of gloves
SInv    .            a - +0 pair of boots
Will    .....        n - amulet of faith
Stlth   +++          s - +6 ring of dexterity
HPRegen 0.34/turn    m - +5 ring of evasion
MPRegen 0.13/turn

%: faith
@: heroic
A: horns 2, retaliatory headbutt
a: Renounce Religion, Heroism


You were on level 8 of the Dungeon.
You worshipped Okawaru.
Okawaru was pleased with you.
You visited 2 branches of the dungeon, and saw 9 of its levels.

You collected 431 gold pieces.
You spent 275 gold pieces at shops.


Innate Abilities, Weirdness & Mutations

You have a pair of horns on your head.
You reflexively headbutt those who attack you in melee.


   Skills:
 - Level 8.0(13.0) Fighting
 - Level 12.1(17.1) Ranged Weapons
 - Level 3.6(8.6) Armour
 + Level 5.7(10.7) Dodging
 - Level 1.0 Spellcasting
 - Level 2.0 Hexes
 - Level 4.0 Invocations


You had 10 spell levels left.
You knew the following spells:

 Your Spells              Type           Power      Damage    Failure   Level
a - Slow                  Hex            16%        N/A       28%         1

Your spell library contained the following spells:

 Spells                   Type           Power      Damage    Failure   Level
 Inner Flame              Hex/Fire       2%         N/A       77%         3
 Portal Projectile        Hex/Tloc       4%         N/A       77%         3
 Cause Fear               Hex            2%         N/A       95%         4

Inventory:

Hand Weapons
 o - a +0 heavy arbalest (weapon)
Armour
 a - a +0 pair of boots (worn)
 c - a +0 pair of gloves (worn)
 f - +0 steam dragon scales
 q - a +1 ring mail of poison resistance (worn)
Jewellery
 b - an amulet of regeneration
 m - a +5 ring of evasion (right hand)
 n - an amulet of faith (around neck)
 s - a +6 ring of dexterity (left hand)
Scrolls
 e - a scroll of identify
 j - a scroll of brand weapon
Potions
 d - a potion of resistance {unknown}
 g - a potion of enlightenment
 h - a potion of mutation
 i - a potion of haste
 k - a potion of might
 l - 2 potions of curing
 t - a potion of cancellation
 v - a potion of magic

Dungeon Overview and Level Annotations

Branches:
Dungeon (8/15)             Temple (1/1) D:4            Lair (0/5) D:8

Altars:
Cheibriados
Dithmenos
Elyvilon
Fedhas
Gozag
Hepliaklqana
Kikubaaqudgha
Makhleb
Nemelex Xobeh
Okawaru
Ru
Sif Muna
Trog
Uskayaw
Xom
Yredelemnul
Zin
The Shining One

Shops:
D:5 (   D:6 [


Message History

You shoot a bolt. The bolt barely misses the hound.
The hound completely misses you.
The electric eel shoots out a bolt of lightning at you!
The bolt of electricity misses you.
You shoot a bolt. The bolt misses the wolf.
The bolt hits the hound!!
You kill the hound!
Okawaru accepts your kill.
Okawaru will now gift you throwing weapons as you gain piety.
The wolf bites you!
The electric eel shoots out a bolt of lightning at you!
The bolt of electricity hits you! The wolf bites you!
You shoot a bolt. The bolt barely misses the wolf.
The wolf splashes around in the water.
The electric eel shoots out a bolt of lightning at you!
The bolt of electricity hits you!
The wolf splashes around in the water.
The electric eel shoots out a bolt of lightning at you!
The bolt of electricity misses you.
The wolf splashes around in the water.
You shoot a bolt. The bolt hits the wolf.
The wolf is lightly wounded.
The wolf splashes around in the water.
The wolf closely misses you.
The wolf splashes around in the water.
You shoot a bolt. The bolt hits the wolf!
The wolf is heavily wounded.
The wolf splashes around in the water.
The wolf misses you. You furiously retaliate!
You headbutt the wolf. The wolf closely misses you.
You shoot a bolt. The bolt completely misses the wolf.
The wolf closely misses you.
The electric eel shoots out a bolt of lightning at you!
The bolt of electricity hits you. The bolt of electricity misses you.
The wolf completely misses you.
The wolf splashes around in the water.
You shoot a bolt. The bolt hits the wolf!!!
You kill the wolf!
Okawaru accepts your kill.
You feel like a meek peon again.
6357 ||| INVOKING Heroism.
You gain the combat prowess of a mighty hero.
Okawaru will no longer gift you throwing weapons.
The electric eel shoots out a bolt of lightning at you!
The bolt of electricity hits you!
You die...

<....... .# ###^.#.....#
.......# .##
#....#...(.## #.....##
.. #.##.#......## ...>.#
#.#####.##.#....#..#
......#
#..#.....#.#....##..
......#
######.#.#...#......###.
......#
....................# ##
.....##
.....~.~....~...##.## #
~....%.@........##.# #
~..~.%%S~~~.....##.# #
.~~~~%~~~~~.~...##.# #.
..~~~~~~~~~~...###.# #..
..~~~~~~~~~~~~..##.# #.#
~~~~.~.~?~~~~~.%...# #.#
.~~~....%~~~~~.##..###.#
~~~.~.>.~~~~~~.##......#
.~~.....~~~~~~.#...#.###


You could see an electric eel.

Vanquished Creatures
  A troll (D:8)
  A hornet (D:7)
  A wraith (D:8)
  2 steam dragons
  Menkaure (D:6)
  An acid dragon (D:8)
  A water moccasin (D:6)
  Pargi (D:3)
  5 ice beasts
  A sky beast (D:6)
  A hornet zombie (D:6)
  An orc warrior (D:7)
  2 black bears
  5 wolves (D:8)
  2 ogres
  A phantom (D:7)
  A bullfrog (D:8)
  4 necrophages (D:6)
  A scorpion (D:5)
  A gnoll sergeant (D:7)
  A water moccasin zombie (D:6)
  3 wights (D:6)
  A howler monkey (D:8)
  2 electric eels (D:8)
  4 hounds
  5 orc priests
  3 jellies (D:7)
  An iguana (D:5)
  6 orc wizards
  2 sleepcaps (D:5)
  A howler monkey zombie (D:6)
  6 gnolls
  5 adders
  2 white imps (D:7)
  2 ufetubi
  2 worms (D:2)
  A dart slug (D:3)
  28 orcs
  9 ball pythons
  4 bats
  6 endoplasms
  4 giant cockroaches
  8 goblins
  8 hobgoblins
  2 jackals (D:4)
  3 quokkas
  6 frilled lizards
  7 kobolds
  5 rats
171 creatures vanquished.

Notes
Turn   | Place    | Note
-------+----------+-------------------------------------------
     0 | D:1      | qw the Minotaur Hexslinger began the quest for the Orb.
     0 | D:1      | Reached XP level 1. HP: 16/16 MP: 1/1
     0 | D:1      | 0 ||| qw: Version: 0.3-a-24-ga2abf7b
     0 | D:1      | 0 ||| qw: Game counter: 7016
     0 | D:1      | 0 ||| qw: Melee chars always use a shield: true
     0 | D:1      | 0 ||| qw: God list: Okawaru
     0 | D:1      | 0 ||| qw: Allow faded altars: false
     0 | D:1      | 0 ||| qw: Do Orc after clearing Dungeon:15 true
     0 | D:1      | 0 ||| qw: Do second Lair branch before Depths: true
     0 | D:1      | 0 ||| qw: Lair rune preference: random
     0 | D:1      | 0 ||| qw: Goals: Normal
     0 | D:1      | 0 ||| PLANNING D:1-11
    46 | D:1      | Reached skill level 3 in Ranged Weapons
    57 | D:1      | Reached XP level 2. HP: 23/23 MP: 2/2
   455 | D:1      | Reached XP level 3. HP: 29/29 MP: 3/3
   459 | D:1      | Found a faded altar of an unknown god.
   519 | D:1      | 519 ||| UPGRADING to +0 ring mail.
   529 | D:1      | 529 ||| DROPPING +0 robe.
   530 | D:1      | 530 ||| READING scroll labelled XOKHLO WOVOM.
   531 | D:1      | 531 ||| READING 2 scrolls labelled PENLAL XICKAB.
   532 | D:1      | 532 ||| READING scroll labelled FET IMODUTHA.
   533 | D:1      | 533 ||| READING scroll labelled DOTUC DORPHE.
   537 | D:1      | 537 ||| DRINKING 2 green potions.
   538 | D:1      | 538 ||| DROPPING scroll of poison.
   665 | D:2      | Reached skill level 4 in Ranged Weapons
   833 | D:2      | Reached skill level 1 in Armour
  1008 | D:2      | Reached XP level 4. HP: 22/36 MP: 4/4
  1224 | D:2      | 1224 ||| UPGRADING to +0 pair of boots.
  1229 | D:2      | 1229 ||| UPGRADING to +0 pair of gloves.
  1234 | D:2      | 1234 ||| UPGRADING to ring of positive energy.
  1343 | D:3      | 1343 ||| Stepping ~*~*~tactically~*~*~ (outnumbered).
  1357 | D:3      | 1357 ||| FLEEEEING.
  1359 | D:3      | 1359 ||| FLEEEEING.
  1360 | D:3      | 1360 ||| FLEEEEING.
  1380 | D:3      | Reached skill level 5 in Ranged Weapons
  1510 | D:3      | Reached XP level 5. HP: 44/44 MP: 5/5
  1558 | D:3      | Reached skill level 3 in Fighting
  1615 | D:3      | Noticed Pargi
  1632 | D:3      | Killed Pargi
  1633 | D:3      | Reached skill level 6 in Ranged Weapons
  1754 | D:3      | Reached XP level 6. HP: 51/51 MP: 6/6
  1999 | D:3      | 1999 ||| UPGRADING to +1 leather armour of poison
                  | resistance.
  2009 | D:3      | 2009 ||| DROPPING +0 ring mail.
  2010 | D:3      | 2010 ||| DRINKING 2 cyan potions.
  2051 | D:4      | Found a staircase to the Ecumenical Temple.
  2052 | D:4      | 2052 ||| PLANNING TEMPLE
  2062 | Temple   | Entered the Ecumenical Temple
  2063 | Temple   | 2063 ||| PLANNING OKAWARU WORSHIP
  2114 | Temple   | Became a worshipper of Warmaster Okawaru
  2115 | Temple   | 2115 ||| PLANNING D:1-11
  2139 | D:4      | Found a shadowy altar of Dithmenos.
  2140 | D:4      | Noticed an ice beast
  2152 | D:4      | HP: 2/51 [ice beast (14)]
  2153 | D:4      | 2153 ||| READING scroll of teleportation.
  2153 | D:4      | Killed an ice beast
  2377 | D:4      | Found an ancient bone altar of Kikubaaqudgha.
  2946 | D:4      | 2946 ||| UPGRADING to amulet of faith.
  2951 | D:4      | 2951 ||| READING 3 scrolls labelled ICUVVEENOO.
  2952 | D:4      | 2952 ||| DRINKING 2 brown potions.
  2953 | D:4      | 2953 ||| READING 2 scrolls of identify.
  2953 | D:4      | 2953 ||| IDENTIFYING puce potion
  2954 | D:4      | 2954 ||| DROPPING potion of brilliance.
  2979 | D:5      | Entered Level 5 of the Dungeon
  2994 | D:5      | Found a hide-covered altar of Uskayaw.
  3003 | D:5      | Reached skill level 7 in Ranged Weapons
  3036 | D:5      | Reached XP level 7. HP: 60/60 MP: 7/7
  3051 | D:5      | 3051 ||| Stepping ~*~*~tactically~*~*~ (outnumbered).
  3053 | D:5      | 3053 ||| Stepping ~*~*~tactically~*~*~ (outnumbered).
  3055 | D:5      | 3055 ||| Stepping ~*~*~tactically~*~*~ (outnumbered).
  3071 | D:5      | Found Goeq's Hydra Hut.
  3074 | D:5      | Noticed a seven-headed hydra
  3078 | D:5      | 3078 ||| BUYING +0 arbalest of freezing (121 gold).
  3078 | D:5      | Bought a +0 arbalest of freezing for 121 gold pieces
  3078 | D:5      | 3078 ||| SHOPLISTING +0 longbow of freezing (164 gold, have
                  | 136).
  3078 | D:5      | 3078 ||| SWAPPING to +0 arbalest of freezing.
  3079 | D:5      | 3079 ||| DROPPING +1 heavy sling.
  3080 | D:5      | 3080 ||| READING 2 scrolls of brand weapon.
  3080 | D:5      | 3080 ||| BRANDING +0 arbalest of freezing.
  3112 | D:5      | Reached * piety under Okawaru
  3113 | D:5      | 3113 ||| INVOKING Heroism.
  3114 | D:5      | 3114 ||| INVOKING Heroism.
  3196 | D:5      | Reached skill level 8 in Ranged Weapons
  3196 | D:5      | Reached skill level 1 in Invocations
  3467 | D:5      | 3467 ||| INVOKING Heroism.
  3991 | D:5      | 3991 ||| READING scroll labelled SEAM XOSASISM.
  3992 | D:5      | 3992 ||| READING scroll labelled DUMISOPRE.
  3993 | D:5      | 3993 ||| READING 5 scrolls of identify.
  3993 | D:5      | 3993 ||| IDENTIFYING fuming green potion
  3994 | D:5      | 3994 ||| READING 4 scrolls of identify.
  3994 | D:5      | 3994 ||| IDENTIFYING grey potion
  3995 | D:5      | 3995 ||| READING 3 scrolls of identify.
  3995 | D:5      | 3995 ||| IDENTIFYING clear potion
  3996 | D:5      | 3996 ||| DROPPING potion of degeneration.
  3997 | D:5      | 3997 ||| DROPPING potion of attraction.
  4018 | D:6      | 4018 ||| PLANNING OSSUARY
  4018 | D:6      | 4018 ||| INVOKING Heroism.
  4020 | D:6      | Reached skill level 3 in Dodging
  4020 | D:6      | Reached skill level 3 in Invocations
  4020 | D:6      | Reached XP level 8. HP: 66/68 MP: 6/9
  4029 | D:6      | 4029 ||| STAIRDANCE
  4410 | D:6      | Found Nireopn's Antique Armour Shoppe.
  4413 | D:6      | 4413 ||| BUYING runed ring mail (154 gold).
  4413 | D:6      | Bought a runed ring mail for 154 gold pieces
  4419 | D:6      | Noticed Menkaure
  4420 | D:6      | 4420 ||| INVOKING Heroism.
  4421 | D:6      | Killed Menkaure
  4422 | D:6      | Reached skill level 9 in Ranged Weapons
  4427 | D:6      | Reached ** piety under Okawaru
  4428 | D:6      | Reached skill level 6 in Fighting
  4695 | D:6      | Found a blossoming altar of Fedhas.
  4704 | D:6      | 4704 ||| RIP OSSUARY
  4706 | D:6      | Found a sacrificial altar of Ru.
  4707 | D:6      | 4707 ||| PLANNING D:1-11
  4797 | D:6      | 4797 ||| INVOKING Heroism.
  5089 | D:6      | Reached skill level 10 in Ranged Weapons
  5094 | D:6      | Reached XP level 9. HP: 75/75 MP: 11/11
  5098 | D:6      | 5098 ||| UPGRADING to +1 ring mail of poison resistance.
  5108 | D:6      | 5108 ||| DROPPING +1 leather armour of poison resistance.
  5109 | D:6      | 5109 ||| UPGRADING to +5 ring of evasion.
  5110 | D:6      | 5110 ||| UPGRADING to +6 ring of dexterity.
  5112 | D:6      | 5112 ||| DROPPING ring of positive energy.
  5113 | D:6      | 5113 ||| READING scroll labelled LALE IROTIQ.
  5114 | D:6      | 5114 ||| READING scroll labelled FUV DAPHEPRYTOI.
  5114 | D:6      | Identified a scroll of acquirement
  5114 | D:6      | 5114 ||| ACQUIRING amulet of regeneration
  5114 | D:6      | Acquired an amulet of regeneration
  5116 | D:6      | 5116 ||| READING scroll labelled CINUT DEINWO.
  5117 | D:6      | 5117 ||| DRINKING 2 fuming sapphire potions.
  5118 | D:6      | 5118 ||| READING 3 scrolls of identify.
  5118 | D:6      | 5118 ||| IDENTIFYING amethyst potion
  5119 | D:6      | 5119 ||| READING 2 scrolls of identify.
  5119 | D:6      | 5119 ||| IDENTIFYING inky potion
  5195 | D:7      | 5195 ||| INVOKING Heroism.
  5200 | D:7      | Reached skill level 3 in Armour
  5224 | D:7      | 5224 ||| INVOKING Heroism.
  5264 | D:7      | 5264 ||| FLEEEEING.
  5265 | D:7      | 5265 ||| FLEEEEING.
  5266 | D:7      | 5266 ||| FLEEEEING.
  5270 | D:7      | 5270 ||| FLEEEEING.
  5325 | D:7      | 5325 ||| DRINKING 4 potions of curing.
  5325 | D:7      | 5325 ||| (to cure confusion)
  5326 | D:7      | 5326 ||| DRINKING 3 potions of curing.
  5326 | D:7      | 5326 ||| (to cure confusion)
  5328 | D:7      | 5328 ||| INVOKING Heroism.
  5475 | D:7      | 5475 ||| INVOKING Heroism.
  5505 | D:7      | Found a sparkling altar of Nemelex Xobeh.
  5506 | D:7      | Found an opulent altar of Gozag.
  5569 | D:7      | 5569 ||| INVOKING Heroism.
  5627 | D:7      | Reached skill level 11 in Ranged Weapons
  5633 | D:7      | 5633 ||| INVOKING Heroism.
  5814 | D:7      | 5814 ||| DROPPING +1 robe of willpower.
  5815 | D:7      | 5815 ||| READING scroll labelled NEACOS WAPLEPE.
  5828 | D:8      | 5828 ||| INVOKING Heroism.
  5982 | D:8      | 5982 ||| INVOKING Heroism.
  5984 | D:8      | 5984 ||| Stepping ~*~*~tactically~*~*~ (outnumbered).
  5990 | D:8      | Noticed a troll
  5992 | D:8      | 5992 ||| FLEEEEING.
  5993 | D:8      | 5993 ||| FLEEEEING.
  5995 | D:8      | 5995 ||| FLEEEEING.
  5997 | D:8      | HP: 15/79 [electric eel/bolt of electricity (11)]
  5998 | D:8      | 5998 ||| READING 2 scrolls of teleportation.
  5999 | D:8      | Killed a troll
  5999 | D:8      | HP: 1/79 [electric eel/bolt of electricity (8)]
  6000 | D:8      | Reached skill level 12 in Ranged Weapons
  6000 | D:8      | Reached *** piety under Okawaru
  6001 | D:8      | 6001 ||| INVOKING Heroism.
  6001 | D:8      | Found a staircase to the Lair.
  6002 | D:8      | 6002 ||| READING scroll of teleportation.
  6003 | D:8      | 6003 ||| Stepping ~*~*~tactically~*~*~ (water).
  6004 | D:8      | HP: 1/79 [wolf (3)]
  6006 | D:8      | Reached XP level 10. HP: 2/86 MP: 10/12
  6006 | D:8      | 6006 ||| STAIRDANCE
  6253 | D:7      | 6253 ||| READING scroll labelled UCOYVI TALATT.
  6341 | D:8      | 6341 ||| INVOKING Heroism.
  6351 | D:8      | HP: 21/88 [electric eel/bolt of electricity (9)]
  6352 | D:8      | HP: 5/88 [electric eel/bolt of electricity (10)]
  6357 | D:8      | 6357 ||| INVOKING Heroism.
  6357 | D:8      | Killed from afar by an electric eel

Levels and vault maps discovered:
D:1:      wander_arrival_lonely_grave, layout_rooms,
          ebering_ecumenical_altar_abandoned, minmay_misc_feat_tiny
D:2:      layout_loops_ring, grunt_decor_fettered
D:3:      layout_rooms, uniq_pargi
D:4:      layout_loops_ring, nicolae_dithmenos_the_darkroom,
          kiku_gazebo_pond_becter, minmay_temple_entry_stoned_glass
D:5:      layout_layer_cave, eat_drink_and_be_merry_uskayaw,
          doesnt_shop_hydraphobe
D:6:      layout_loops_ring, fedhas_altar_decomposition,
          nicolae_ru_the_path_less_chosen, enter_ossuary_1, serial_shops,
          nicolae_shop_behind_doors, minmay_misc_feat_nine_boxes, uniq_menkaure
D:7:      layout_loops_ring, grunt_temple_overflow_opulence,
          minmay_fractal_squares_gapless_5
D:8:      layout_rooms, mainiacjoe_overflow_swirl, erik_lair_island
Temple:   nicolae_temple_ecumenical_triangle

Skill      XL: |  1  2  3  4  5  6  7  8  9 10 |
---------------+-------------------------------+-----
Ranged Weapons | 3 4 5 6 7 8 10 12 | 12.1
Fighting       | 2 3 4 5 6 7 8 |  8.0
Armour         | 1 2 3 |  3.6
Invocations    | 3 4 |  4.0
Dodging        | 3 4 5 |  5.7
Spellcasting   | |  1.0
Hexes          | |  2.0

Action                     |  1- 3 |  4- 6 |  7- 9 | 10-12 || total
---------------------------+-------+-------+-------+-------++-------
   Fire: Sling             |   135 |   206 |     5 |       ||   346
         Arbalest          |       |       |   153 |    25 ||   178
 Invoke: Heroism           |       |       |    14 |     2 ||    16
    Use: Scroll            |     4 |     3 |    14 |     1 ||    22
         Potion            |     1 |     2 |     3 |       ||     6
 Armour: Robe              |    13 |       |       |       ||    13
         Ring mail         |    13 |    29 |     8 |     3 ||    53
         Leather armour    |       |    14 |    48 |       ||    62
  Dodge: Dodged            |    32 |    76 |    99 |    21 ||   228

Table legend:
 A = Non-vault XP
 B = Vault XP
 C = Vault XP percentage of total XP
 D = Non-vault monster count
 E = Vault monster count
 F = Vault count percentage of total count
                 A         B        C        D         E       F
            +---------+---------+-------+---------+---------+-------
      Total |    4180 |    2055 |  33.0 |     150 |      21 |  12.3
            +---------+---------+-------+---------+---------+-------
        D:1 |      47 |       0 |   0.0 |      28 |       0 |   0.0
        D:2 |      51 |       0 |   0.0 |      15 |       0 |   0.0
        D:3 |     159 |     132 |  45.4 |      21 |       1 |   4.5
        D:4 |     232 |       0 |   0.0 |      19 |       0 |   0.0
        D:5 |     741 |       0 |   0.0 |      24 |       0 |   0.0
        D:6 |     806 |     742 |  47.9 |      15 |       8 |  34.8
        D:7 |    1351 |     262 |  16.2 |      20 |       5 |  20.0
        D:8 |     793 |     919 |  53.7 |       8 |       7 |  46.7
            +---------+---------+-------+---------+---------+-------
